 Dungeon Crawl Stone Soup version 0.23-a0-370-gf497b7c (webtiles) character file.

25 MisterFreud the Sneak (level 2, 0/12 HPs)
             Began as a Felid Transmuter on Oct 24, 2018.
             Hit by a stone thrown by a kobold (3 damage)
             ... on level 2 of the Dungeon.
             The game lasted 00:02:39 (1014 turns).

MisterFreud the Sneak (Felid Transmuter)            Turns: 1014, Time: 00:02:40

Health: 0/12       AC:  1    Str:  6    XL:     2   Next: 82%
Magic:  5/6        EV: 18    Int: 14    God:
Gold:   41         SH:  0    Dex: 16    Spells: 2/5 levels left
                                        Lives:  0   Deaths: 0

rFire    . . .     SeeInvis +     - Unarmed
rCold    . . .     Gourm    .   (shield unavailable)
rNeg     . . .     Faith    .   (armour unavailable)
rPois    .         Spirit   .   (helmet unavailable)
rElec    .         Reflect  .   (cloak unavailable)
rCorr    .         Harm     .   (gloves unavailable)
MR       .....                  (boots unavailable)
Stlth    +++.......             (no amulet)
HPRegen  0.04/turn              (no ring)
MPRegen  0.10/turn              (no ring)

@: appendage, quick
A: very small, no armour, no weapons or thrown items, stealth, claws 1, fangs 3,
horns 2, see invisible, carnivore, speed 1, shaggy fur 1, slow metabolism 1,
sharp paws
a: End Transformation


You were on level 2 of the Dungeon.
You were very full.
You had grown temporary horns.
You visited 1 branch of the dungeon, and saw 2 of its levels.

You collected 41 gold pieces.

Inventory:

Missiles
 a - 27 arrows
Jewellery
 i - an uncursed ring of ice {unknown}
Potions
 b - a potion of heal wounds {unknown}
 d - 2 potions of flight {unknown}
 e - a potion of berserk rage {unknown}
 g - a potion of mutation {unknown}
 h - 2 potions of curing {unknown}
Comestibles
 c - a ration


   Skills:
 - Level 1.0 Fighting
 - Level 2.6 Dodging
 + Level 3.8 Stealth
 - Level 3.0 Unarmed Combat
 - Level 2.0 Spellcasting
 - Level 2.1 Transmutations


You had 2 spell levels left.
You knew the following spells:

 Your Spells              Type           Power        Failure   Level  Hunger
a - Beastly Appendage     Tmut           #.....       10%         1    ##.....
b - Sticks to Snakes      Tmut           #.......     14%         2    ###....

Your spell library contained the following spells:

 Spells                   Type           Power        Failure   Level  Hunger
 Spider Form              Tmut/Pois      #.........   41%         3    ####...
 Ice Form                 Ice/Tmut       #.......     83%         4    #####..
 Blade Hands              Tmut           #.........   95%         5    ######.


Dungeon Overview and Level Annotations

Branches:
Dungeon (2/15)

Altars:


Innate Abilities, Weirdness & Mutations

You cannot wear armour.
You are incapable of wielding weapons or throwing items.
Your paws allow you to move quietly. (Stealth)
You have sharp claws.
You have razor-sharp teeth.
You have supernaturally acute eyesight. (SInv)
You are carnivorous and can eat meat at any time.
You cover ground quickly.
You are covered in fur. (AC +1)
You have a slow metabolism.
Your sharp claws are effective at attacking unaware monsters.
You have a pair of horns on your head.


Message History

The kobold throws a stone.
The stone completely misses you.
Casting: Beastly Appendage (safe; 10% risk of failure)
Confirm with . or Enter, or press ? or * to list all spells.
You grow a pair of large bovine horns.
The rat closely misses you.
The kobold throws a stone.
The stone misses you.
You scratch the rat.
You kill the rat!
You closely miss the hobgoblin. The hobgoblin misses you.
You scratch the hobgoblin but do no damage.
Your bite misses the hobgoblin. The hobgoblin misses you.
You barely miss the hobgoblin. The kobold hits you.
The hobgoblin barely misses you.
You completely miss the hobgoblin. The kobold hits you.
The hobgoblin misses you.
You scratch the hobgoblin.
The hobgoblin is almost dead.
The kobold misses you. The hobgoblin hits you with a +0 club.
* * * LOW HITPOINT WARNING * * *
The kobold throws a stone.
The stone hits you.
You die...

........###....##..##
........##....## #...
.(......##....# ...
.#...........#### #.
#.........#......
..................
.........?.#######
........(# .......@.#
.........# ......Kg.#
.........# .........#
........## .#.....##
######


You could see a hobgoblin and a kobold.

Vanquished Creatures
  A giant cockroach (D:1)
  3 goblins
  5 hobgoblins (D:1)
  4 kobolds
  5 bats
  2 frilled lizards (D:1)
  2 rats
22 creatures vanquished.

Notes
Turn   | Place    | Note
-------+----------+-------------------------------------------
     0 | D:1      | MisterFreud the Felid Transmuter began the quest for the
                  | Orb.
     0 | D:1      | Reached XP level 1. HP: 9/9 MP: 4/4
    89 | D:1      | Reached skill level 1 in Stealth
   200 | D:1      | Reached XP level 2. HP: 12/12 MP: 4/6
   207 | D:1      | Learned a level 2 spell: Sticks to Snakes
  1014 | D:2      | Hit by a stone thrown by a kobold

Vault maps used:
D:1:      ncdulo_watergridlock
D:2:      nicolae_overflow_hidden_temple, chequers_ecumenical_altar_simple_redux

Skill      XL: |  1  2 |
---------------+-------+-----
Stealth        | 2 3 |  3.8
Fighting       | |  1.0
Dodging        | |  2.6
Unarmed Combat | |  3.0
Spellcasting   | |  2.0
Transmutations | |  2.1

Action                   || total
-------------------------++-------
Melee: Unarmed           ||    62
       Headbutt          ||     6
       Bite              ||     3
       Punch             ||     1
 Cast: Beastly Appendage ||    12
  Use: Scroll            ||     2
 Stab: Sleeping          ||     1
  Eat: Chunk             ||     7
Armor: Skin              ||     4
Dodge: Dodged            ||    68

Table legend:
 A = Non-vault XP
 B = Vault XP
 C = Vault XP percentage of total XP
 D = Non-vault monster count
 E = Vault monster count
 F = Vault count percentage of total count
                 A         B        C        D         E       F
            +---------+---------+-------+---------+---------+-------
      Total |      36 |       0 |   0.0 |      22 |       0 |   0.0
            +---------+---------+-------+---------+---------+-------
        D:1 |      28 |       0 |   0.0 |      17 |       0 |   0.0
        D:2 |       8 |       0 |   0.0 |       5 |       0 |   0.0
            +---------+---------+-------+---------+---------+-------
